 Dungeon Crawl Stone Soup version 0.24.0-29-g8ce449bc06 (webtiles) character file.

Game seed: 9928718040004608893, levelgen mode: deterministic

265 Flugslaktarn the Shield-Bearer (level 6, 0/49 HPs)
             Began as a Formicid Fighter on Nov 15, 2019.
             Slain by Natasha (2 damage)
             ... on level 3 of the Dungeon.
             The game lasted 00:01:32 (2817 turns).

Flugslaktarn the Shield-Bearer (Formicid Fighter)   Turns: 2817, Time: 00:01:32

Health: 0/49       AC: 10    Str: 22    XL:     6   Next: 44%
Magic:  6/6        EV:  6    Int:  8    God:
Gold:   144        SH: 10    Dex: 10    Spells: 5/5 levels left

rFire    . . .     SeeInvis +   a - +0 war axe
rCold    . . .     Gourm    .   c - +0 shield
rNeg     . . .     Faith    .   l - +0 chain mail
rPois    .         Spirit   .   (helmet unavailable)
rElec    .         Reflect  .   (no cloak)
rCorr    .         Harm     .   m - +0 pair of gloves
MR       .....                  (no boots)
Stlth    ..........             (no amulet)
HPRegen  0.16/turn              (no ring)
MPRegen  0.10/turn              (no ring)

@: no status effects
A: permanent stasis, dig shafts and tunnels, four strong arms, antennae 3
a: Dig, Shaft Self


You were on level 3 of the Dungeon.
You were not hungry.

You visited 1 branch of the dungeon, and saw 3 of its levels.

You collected 144 gold pieces.

Inventory:

Hand Weapons
 a - a +0 war axe (weapon)
Armour
 c - a +0 shield (worn)
 l - a +0 chain mail (worn)
   (You found it on level 1 of the Dungeon)
 m - a +0 pair of gloves (worn)
   (You found it on level 1 of the Dungeon)
Jewellery
 r - a cursed -3 ring of intelligence {unknown}
   (You found it on level 2 of the Dungeon)
 t - an uncursed ring of poison resistance {unknown}
   (You found it on level 3 of the Dungeon)
Scrolls
 b - 2 scrolls of identify {unknown}
 g - 2 scrolls of enchant armour {unknown}
 i - 3 scrolls of fear {unknown}
 k - 3 scrolls of teleportation {unknown}
 n - a scroll of enchant weapon {unknown}
 s - a scroll of fog {unknown}
 u - a scroll of amnesia {unknown}
Potions
 d - a potion of might
 f - 2 potions of lignification {unknown}
 h - 2 potions of curing {unknown}
 j - a potion of haste {unknown}
 o - a potion of brilliance {unknown}
 q - a potion of berserk rage {unknown}
Comestibles
 e - 6 rations
 p - 7 chunks of flesh


   Skills:
 + Level 4.4 Fighting
 * Level 4.2 Axes
 + Level 4.3 Armour
 + Level 4.8 Shields


You had 5 spell levels left.
You didn't know any spells.
Your spell library was empty.

Dungeon Overview and Level Annotations

Branches:
Dungeon (3/15)

Altars:
Kikubaaqudgha
Nemelex Xobeh
Trog

Annotations:
D:3 Natasha


Innate Abilities, Weirdness & Mutations

You cannot be hasted, slowed, berserked, paralysed or teleported.
You can dig through walls and to a lower floor.
Your four strong arms can wield two-handed weapons with a shield.
You have a pair of large antennae on your head. (SInv)


Message History

You closely miss Natasha. You block Natasha's attack.
You slash Natasha!
Natasha is heavily wounded.
Natasha mumbles some strange words.
Your shield and chain mail prevent you from hitting Natasha.
Natasha is heavily wounded.
Natasha claws you but does no damage. Natasha barely misses you.
You barely miss Natasha.
Natasha is heavily wounded.
You slash the white imp! You block the white imp's attack.
Natasha stares at you and mumbles some strange words.
The magic dart hits you!
* * * LOW HITPOINT WARNING * * *
Unknown command.
You closely miss Natasha.
Natasha is heavily wounded.
You barely miss the white imp.
The white imp hits you but does no damage.
Natasha claws you.
You die...

#.#.# #.##......... #.#.#
#.##>........ #.#)###
#.....#.#####
####'#...####..#.##.#####
#........'.....#.........
#........#####.#.#####...
#........# #.#.#...#+##
#......5h# ###.#...(.....
####+#..@###...###.##....
#...........###.##...รท
#..#...##.......####.)
#..#...#....#########.
#..#...#......###^..##
#..'...+...####.##...#
##.#...#...# #.##....
...##......# #.##._..
...# #....### #.##....


You could see Natasha and a white imp.

Vanquished Creatures
  Jessica (D:3)
  Natasha (twice) (D:3)
  Robin (D:3)
  6 adders
  3 oozes
  3 worms
  4 dart slugs (D:1)
  2 leopard geckos
  6 orcs
  4 giant cockroaches
  17 goblins
  6 hobgoblins
  2 jackals (D:1)
  3 quokkas (D:3)
  A ball python (D:1)
  8 bats
  6 frilled lizards
  8 kobolds
  6 rats
89 creatures vanquished.

Notes
Turn   | Place    | Note
-------+----------+-------------------------------------------
     0 | D:1      | Flugslaktarn the Formicid Fighter began the quest for the
                  | Orb.
     0 | D:1      | Reached XP level 1. HP: 18/18 MP: 1/1
   221 | D:1      | Reached XP level 2. HP: 20/24 MP: 2/2
   474 | D:1      | Reached XP level 3. HP: 29/29 MP: 3/3
   974 | D:2      | Reached XP level 4. HP: 33/37 MP: 4/4
  1198 | D:2      | Found a sparkling altar of Nemelex Xobeh.
  1484 | D:2      | Found a sparkling altar of Nemelex Xobeh.
  1769 | D:2      | Reached XP level 5. HP: 35/42 MP: 5/5
  2226 | D:3      | Noticed Natasha
  2256 | D:3      | Killed Natasha
  2257 | D:3      | Found an ancient bone altar of Kikubaaqudgha.
  2418 | D:3      | Noticed Robin
  2464 | D:3      | Killed Robin
  2464 | D:3      | Reached XP level 6. HP: 38/48 MP: 6/6
  2608 | D:3      | Found a bloodstained altar of Trog.
  2676 | D:3      | Noticed Jessica
  2681 | D:3      | Killed Jessica
  2772 | D:3      | Noticed Natasha
  2786 | D:3      | Killed Natasha
  2803 | D:3      | Noticed Natasha
  2816 | D:3      | HP: 1/49 [Natasha/magic dart (9)]
  2817 | D:3      | Slain by Natasha

Levels and vault maps discovered:
D:1:      dpeg_arrival_rhombi, layout_basic, minmay_split_cup_large
D:2:      layout_basic, nemelex_xobeh_ov_fountains_minmay,
          minmay_misc_feat_encased, minmay_misc_feat_ornament,
          nemelex_dance_club_becter
D:3:      layout_basic, kiku_gazebo_garden_becter, trog_butcher_becter,
          uniq_ijyb, uniq_natasha, uniq_robin, uniq_jessica

Skill      XL: |  1  2  3  4  5  6 |
---------------+-------------------+-----
Shields        | 4 |  4.8
Axes           | 3 4 |  4.2
Armour         | 4 |  4.3
Fighting       | 4 |  4.4

Action                   |  1- 3 |  4- 6 || total
-------------------------+-------+-------++-------
Melee: War axe           |   117 |   225 ||   342
  Eat: Chunk             |       |     7 ||     7
Armor: Scale mail        |    12 |       ||    12
       Chain mail        |    67 |   121 ||   188
Dodge: Dodged            |    29 |    73 ||   102
Block: Shield            |    76 |   144 ||   220
